 Dungeon Crawl Stone Soup version 0.30-a0-613-gdd512c7efb (webtiles) character file.

Game seed: 9879469537752046686

6 OTABOTABOTAB the Conjurer (level 1, 0/10 HPs)
             Began as a Deep Elf Conjurer on Jan 9, 2023.
             Slain by a hobgoblin (3 damage)
             ... on level 1 of the Dungeon.
             The game lasted 00:00:24 (201 turns).

OTABOTABOTAB the Conjurer (Deep Elf Conjurer)        Turns: 201, Time: 00:00:24

Health: 0/10       AC:  2    Str:  4    XL:     1   Next: 75%
Magic:  0/6        EV: 12    Int: 22    God:
Gold:   10         SH:  0    Dex: 13    Spells: 5/6 levels left

rFire   . . .      SeeInvis .    (no weapon)
rCold   . . .      Faith    .    (no shield)
rNeg    . . .      Spirit   .    a - +0 robe
rPois   .          Reflect  .    (no helmet)
rElec   .          Harm     .    (no cloak)
rCorr   .          Rampage  .    (no gloves)
Will    .....                    (no boots)
Stlth   ++                       (no amulet)
HPRegen 0.21/turn                (no ring)
MPRegen 0.10/turn                (no ring)

@: no status effects
A: no striking features
a: no special abilities


You were on level 1 of the Dungeon.
You visited 1 branch of the dungeon, and saw 1 of its levels.

You collected 10 gold pieces.

Inventory:

Hand Weapons
 b - a +0 dagger
   (You took it off a kobold on level 1 of the Dungeon)
 e - a +0 dagger
   (You took it off a goblin on level 1 of the Dungeon)
Missiles
 s - 2 stones
Armour
 a - a +0 robe (worn)
Scrolls
 c - 3 scrolls of silence {unknown}
 g - a scroll of magic mapping {unknown}
Potions
 d - a potion of invisibility {unknown}
 f - 2 potions of curing {unknown}
 M - a potion of magic


   Skills:
 - Level 2.4 Dodging
 - Level 2.4 Stealth
 + Level 3.3 Spellcasting
 + Level 4.6 Conjurations


You had 5 spell levels left.
You knew the following spells:

 Your Spells              Type           Power      Damage    Failure   Level
a - Magic Dart            Conj           92%        1d7       1%          1

Your spell library contained the following spells:

 Spells                   Type           Power      Damage    Failure   Level
 Searing Ray              Conj           46%        2d6       2%          2
 Dazzling Flash           Conj/Hex       26%        N/A       14%         3
 Fulminant Prism          Conj/Hex       6%         3d7       43%         4
 Iskenderun's Mystic Bla  Conj/Tloc      13%        2d5       43%         4


Dungeon Overview and Level Annotations

Branches:
Dungeon (1/15)

Altars:


Message History

Welcome, OTABOTABOTAB the Deep Elf Conjurer.
The Orb of Zot is coveted for many reasons.
Will you seize it for your own?
Found a staircase leading out of the dungeon.
You enter the shallow water.
Moving in this stuff is going to be slow.
A bat comes into view.
The magic dart hits the bat.
You now have 5/6 mp.
You closely miss the bat. The bat hits you but does no damage.
The bat barely misses you.
You barely miss the bat. The bat hits you but does no damage. The bat hits you.
The bat misses you.
You take 1 damage, and have 9/10 hp.
Aim: a bat (heavily wounded, 100% to hit)
The magic dart hits the bat.
The bat closely misses you. The bat misses you.
You now have 4/6 mp.
A bat is nearby!
Aim: a bat (heavily wounded, 100% to hit)
The magic dart hits the bat.
You kill the bat!
You now have 3/6 mp.
You see here a bat corpse.
Found a stone staircase leading down.
Health restored: 10; MP restored: 6 A kobold comes into view.
It is wielding a +0 dagger.
A kobold is nearby!
The magic dart hits the kobold.
You kill the kobold!
You now have 5/6 mp.
No target in view!
No target in view!
A quokka comes into view.
The quokka completely misses you.
MP restored: 6 You barely miss the quokka.
The quokka misses you.
Aim: a quokka (100% to hit)
The magic dart hits the quokka.
The quokka bites you.
You take 1 damage, and have 9/10 hp.
You now have 5/6 mp.
Aim: a quokka (almost dead, 100% to hit)
The magic dart hits the quokka!
You kill the quokka!
Health restored: 10 You now have 4/6 mp.
b - a +0 dagger;
s - 2 stones You see here a kobold corpse.
MP restored: 6
c - 3 scrolls labelled BUZUSOAREHIH You open the door.
A goblin comes into view. It is wielding a +0 dagger.
The magic dart hits the goblin.
You kill the goblin!
You now have 5/6 mp.
No target in view!
There is an open door here.
d - a fizzy emerald potion MP restored: 6 No target in view!
No target in view!
No target in view!
e - a +0 dagger You now have 10 gold pieces.
f - a metallic amethyst potion
g - a scroll labelled USEGUAMUUQYLL
f - 2 metallic amethyst potions (gained 1)
A hobgoblin comes into view.
The magic dart hits the hobgoblin but does no damage.
The hobgoblin shouts!
You hear a shout!
You now have 5/6 mp.
The magic dart hits the hobgoblin.
You now have 4/6 mp.
The magic dart hits the hobgoblin.
You kill the hobgoblin!
You now have 3/6 mp.
A hobgoblin comes into view.
The magic dart hits the hobgoblin.
You now have 2/6 mp.
The magic dart hits the hobgoblin.
You now have 1/6 mp.
Really attack while wielding nothing? [Y]es or [N]o only, please.
Really attack while wielding nothing? [Y]es or [N]o only, please.
Really attack while wielding nothing?
Okay, then.
Aim: a hobgoblin (moderately wounded, 100% to hit)
The magic dart hits the hobgoblin.
The hobgoblin hits you.
Ouch! That really hurt!
You take 5 damage, and have 5/10 hp.
MASSIVE DAMAGE!!
Aim: a hobgoblin (almost dead, 100% to hit)
The magic dart hits the hobgoblin but does no damage.
The hobgoblin hits you.
* * * LOW HITPOINT WARNING * * *
You take 2 damage, and have 3/10 hp.
You now have 0/6 mp.
Unknown command.
The hobgoblin attacks as you move away! The hobgoblin hits you.
You die...

# ### ##########.#
##.###......@g.#
##...##.########.#
#.....#.# †.
##...##.### #.#
##.......# #
######..##.#.#
...........#.#
######..####.# #
##...## #.#


You could see a hobgoblin.

Vanquished Creatures
  A bat (D:1)
  A goblin (D:1)
  A hobgoblin (D:1)
  A quokka (D:1)
  A kobold (D:1)
5 creatures vanquished.

Notes
Turn   | Place    | Note
-------+----------+-------------------------------------------
     0 | D:1      | OTABOTABOTAB the Deep Elf Conjurer began the quest for the
                  | Orb.
     0 | D:1      | Reached XP level 1. HP: 10/10 MP: 6/6
   201 | D:1      | Slain by a hobgoblin

Illustrated notes

Levels and vault maps discovered:
D:1:      reono_arrival_forest_river, layout_loops_corners,
          chequers_serial_rivers_small_3, hex_tiny

Action                   || total
-------------------------++-------
Melee: Unarmed           ||     3
 Cast: Magic Dart        ||    14
Armor: Robe              ||     2
Dodge: Dodged            ||     6

Table legend: (Time is in decaauts)
 A = Elapsed time spent in this place.
 B = Non-inter-level travel time spent in this place.
 C = Inter-level travel time spent in this place.
 D = Time resting spent in this place.
 E = Time spent auto-exploring this place.
 F = Levels seen in this place.
 G = Mean time per level.
                   A        B        C        D        E       F      G
               +--------+--------+--------+--------+--------+-----+--------+
         Total |    204 |    204 |      0 |      0 |    174 |   1 |  204.0 |
       Dungeon |    204 |    204 |      0 |      0 |    174 |   1 |  204.0 |
               +--------+--------+--------+--------+--------+-----+--------+

Top non-repeatable levels by time:
     D:1: 204 daAuts

Table legend:
 A = Kills in this place as a percentage of kills in entire the game.
 B = Kills by you in this place as a percentage of kills by you in the entire game.
 C = Kills by friends in this place as a percentage of kills by friends in the entire game.
 D = Other kills in this place as a percentage of other kills in the entire game.
 E = Experience gained in this place as a percentage of experience gained in the entire game.
 F = Experience gained in this place divided by the number of levels of this place that you have seen.
                   A       B       C       D       E      F
               +-------+-------+-------+-------+-------+----------------------
         Total | 100.0 | 100.0 |   N/A |   N/A | 100.0 |   9.0
       Dungeon | 100.0 | 100.0 |   N/A |   N/A | 100.0 |   9.0
               +-------+-------+-------+-------+-------+----------------------
